Map: Shrines of Lizul

Players

Brainiac

  • Race: Zerg Zerg
  • Spawn Location: 9:00

Максимус

  • Race: Terran Terran
  • Spawn Location: 6:00

PureLegacy - Winner!

  • Race: Terran Terran
  • Spawn Location: 12:00

Stepo - Winner!

  • Race: Protoss Protoss
  • League: Platinum
  • Spawn Location: 3:00

VOD

Have the link to the VOD?

Description

Time

  • Played on: Nov. 26, 2018, 9:34 p.m.
  • Length: 8:14
Show
View Real Time Build Order
Export as new Build Order

Brainiac Zerg 

Build Orders: Pool Only, Ravager All-In 

Get SALT Encoding   

  12  0:01  Drone  
  13  0:08  Drone  
  14  0:26  Spawning Pool  
  13  0:30  Drone  
  13  0:33  Extractor  
  13  0:36  Drone  
  14  0:45  Overlord  
  14  0:49  Extractor  
  13  0:52  Drone  
  14  1:03  Drone x2  
  16  1:17  Roach Warren  
  15  1:21  Zergling x2  
  16  1:34  Overlord  
  16  1:57  Roach x3  
  22  2:14  Overlord  
  22  2:28  Ravager x3  
  22  2:29  Roach  
  26  2:34  Roach  
  28  3:00  Ravager x2  
  30  3:15  Spine Crawler  
  30  3:16  Roach x2  
  30  3:57  Roach  
  30  3:59  Ravager x2  
  22  4:27  Roach x3  
  22  4:46  Ravager  
  22  4:48  Ravager x3  
  22  4:50  Roach  
  22  4:51  Roach  
  30  5:07  Roach  
  32  5:22  Ravager  
  32  5:23  Ravager  
  32  5:48  Ravager  
  33  5:55  Overlord x3  
  33  6:06  Spore Crawler  
  33  6:09  Overlord  
  29  6:53  Roach  
  29  6:54  Roach x2  
  17  7:20  Queen  
  17  7:21  Drone  
  17  7:22  Drone  
  21  7:31  Roach  
  23  7:45  Ravager  
  23  7:46  Ravager  
  23  7:48  Drone  
  23  7:49  Drone  
  28  7:58  Drone  
Show
View Real Time Build Order
Export as new Build Order

Максимус Terran 

Build Orders:  

Get SALT Encoding   

  12  0:01  SCV  
  13  0:13  SCV  
  14  0:18  Supply Depot  
  14  0:25  SCV  
  15  0:40  SCV  
  15  0:41  Barracks  
  16  0:52  SCV  
  17  1:04  SCV  
  18  1:16  SCV  
  19  1:27  Command Center  
  19  1:32  Orbital Command  
  19  1:36  Marine  
  20  1:44  Supply Depot  
  20  1:53  Barracks  
  20  1:56  Marine  
  20  2:01  SCV  
  22  2:09  Barracks  
  22  2:13  Marine  
  22  2:20  SCV  
  23  2:29  Refinery  
  23  2:32  Marine  
  23  2:35  Refinery  
  24  2:42  Marine  
  24  2:44  Orbital Command  
  25  2:50  Marine  
  25  2:55  Marine  
  24  3:05  SCV  
  26  3:08  Marine  
  26  3:11  SCV  
  28  3:13  Marine  
  28  3:15  Barracks Tech Lab  
  28  3:17  SCV  
  29  3:23  SCV  
  29  3:25  Marine  
  31  3:29  SCV  
  31  3:31  Marine  
  31  3:34  Supply Depot  
  33  3:35  SCV  
  33  3:36  Stimpack  
  33  3:40  Refinery  
  34  3:41  Marine, SCV  
  34  3:43  Marine  
  34  3:47  SCV  
  38  3:53  Marine, SCV  
  40  3:59  SCV  
  40  4:00  Marauder  
  40  4:01  Marine  
  40  4:02  Factory  
  44  4:08  SCV  
  45  4:11  Marine  
  45  4:15  Barracks  
  46  4:17  SCV  
  46  4:19  Marine  
  46  4:20  SCV  
  49  4:29  SCV  
  49  4:30  Supply Depot  
  50  4:32  Barracks Reactor, SCV  
  50  4:34  Marauder  
  52  4:41  Barracks  
  50  4:51  Marine  
  46  4:54  Marine  
  43  5:03  Marine  
  37  5:08  Marine  
  37  5:09  Marine  
  37  5:13  Marauder  
  37  5:14  Marine  
  40  5:21  Marine  
  37  5:23  Factory Reactor  
  37  5:26  Marine  
  40  5:31  Marine  
  40  5:34  Marauder  
  43  5:40  Starport  
  43  5:41  SCV  
  45  5:43  Marine  
  45  5:44  Barracks Reactor  
  45  5:45  Barracks Reactor  
  45  5:47  Barracks Reactor  
  44  5:53  SCV x2  
  44  5:56  Marine, Marauder  
  49  6:01  Marine  
  50  6:05  SCV  
  50  6:06  SCV  
  50  6:07  Supply Depot  
  51  6:14  Marine  
  51  6:17  Marauder  
  54  6:24  Factory Tech Lab  
  54  6:28  Medivac x2, Marine  
  54  6:29  Marine x3  
  54  6:31  Marine  
  54  6:32  Supply Depot, Marine  
  64  6:37  Supply Depot  
  64  6:38  Marauder  
  64  6:39  Supply Depot  
  66  6:41  SCV x2  
  68  6:50  Command Center  
  68  6:54  Siege Tank  
  68  7:00  Supply Depot  
  71  7:01  SCV  
  71  7:02  SCV  
  73  7:09  Marine x9  
  82  7:16  Refinery  
  64  7:40  Medivac x2, Marine  
  67  7:53  Marine  
  67  7:54  Marine  
Show
View Real Time Build Order
Export as new Build Order

PureLegacy Terran - Winner!

Build Orders:  

Get SALT Encoding   

  12  0:01  SCV  
  13  0:13  SCV  
  14  0:18  Supply Depot  
  14  0:25  SCV  
  15  0:31  Refinery  
  15  0:40  SCV  
  16  0:48  Barracks  
  16  0:52  SCV  
  17  1:05  Barracks  
  17  1:17  Barracks  
  17  1:23  SCV  
  18  1:35  Reaper  
  19  1:40  Orbital Command  
  19  1:48  Refinery  
  19  1:55  Reaper  
  20  2:02  Supply Depot  
  20  2:05  Reaper  
  21  2:10  Reaper  
  22  2:21  Barracks  
  22  2:33  Reaper  
  23  2:37  Barracks  
  23  2:41  Reaper  
  23  2:43  SCV  
  25  2:50  Reaper  
  24  3:05  Reaper  
  25  3:08  Reaper  
  25  3:09  Bunker  
  26  3:14  Reaper  
  26  3:16  SCV  
  28  3:28  Reaper  
  28  3:30  Supply Depot  
  30  3:35  Supply Depot  
  29  3:52  Reaper  
  29  3:54  Reaper  
  30  3:57  Reaper  
  30  3:58  SCV  
  30  3:59  Supply Depot  
  32  4:03  Reaper  
  32  4:07  Reaper  
  34  4:24  Reaper  
  33  4:28  SCV  
  33  4:31  Reaper x2  
  36  4:39  Reaper  
  36  4:41  Command Center  
  35  5:12  SCV  
  37  5:15  Supply Depot  
  37  5:21  Barracks Tech Lab  
  37  5:23  Marine x2, Barracks Reactor  
  37  5:24  Marine, SCV  
  37  5:26  Factory  
  37  5:36  SCV  
  37  5:41  Marine  
  37  5:42  Marine x2  
  39  5:43  Marauder  
  39  5:44  Stimpack  
  43  5:50  SCV  
  44  5:58  Orbital Command  
  44  5:59  Marine  
  44  6:00  Marine x2  
  44  6:01  Marine x2  
  49  6:04  Marine  
  49  6:08  SCV  
  51  6:13  Starport  
  51  6:14  Factory Reactor  
  48  6:22  SCV  
  48  6:28  Marine  
  48  6:29  Marine x4  
  48  6:32  Marauder  
  50  6:36  SCV x2  
  50  6:46  Marine x2  
  45  6:56  SCV x2  
  45  6:59  Medivac x2  
  45  7:00  Barracks Reactor x2  
  52  7:08  SCV x2  
  52  7:10  Marine, Barracks Reactor  
  52  7:11  Marine x2  
  56  7:20  Supply Depot, SCV x2  
  58  7:32  SCV  
  58  7:39  SCV  
  58  7:40  Engineering Bay  
  58  7:41  Marine x5  
  58  7:42  Marine x2  
  63  7:45  SCV  
  63  7:48  Refinery, Factory Tech Lab  
  63  7:49  Refinery  
  63  7:51  Marine x2, SCV  
  76  8:13  Supply Depot  
  76  8:14  Supply Depot  
Show
View Real Time Build Order
Export as new Build Order

Stepo Protoss - Winner!

Build Orders:  

Get SALT Encoding   

  12  0:02  Probe  
  13  0:14  Probe  
  14  0:29  Probe  
  14  0:32  Pylon  
  15  0:53  Pylon  
  15  0:54  Gateway  
  15  0:57  Probe  
  15  0:58  Forge  
  16  1:05  Probe  
  17  1:15  Probe  
  18  1:32  Zealot  
  18  1:34  Pylon  
  18  1:38  Probe  
  21  1:51  Probe  
  22  1:54  Photon Cannon  
  22  1:56  Photon Cannon  
  22  2:03  Probe  
  23  2:15  Probe  
  24  2:20  Cybernetics Core  
  24  2:23  Pylon  
  24  2:27  Zealot, Pylon  
  25  2:41  Assimilator  
  25  2:50  Zealot  
  25  2:54  Probe  
  28  3:01  Assimilator  
  28  3:10  Zealot  
  30  3:37  Zealot  
  32  3:45  Nexus  
  32  3:48  Assimilator  
  32  3:51  Assimilator  
  32  3:54  Pylon  
  32  4:01  Protoss Ground Weapons Level 1  
  32  4:04  Zealot  
  32  4:09  Twilight Council  
  34  4:10  Warp Gate  
  34  4:38  Gateway  
  34  4:41  Gateway x2  
  32  5:00  Charge  
  24  5:22  Probe  
  25  5:34  Probe  
  26  5:46  Probe  
  26  5:47  Protoss Ground Weapons Level 2  
  27  5:59  Probe  
  28  6:05  Pylon x2  
  28  6:08  Pylon  
  28  6:11  Probe  
  29  6:15  Zealot  
  29  6:16  Zealot x3  
  37  6:23  Probe  
  37  6:25  Templar Archives  
  38  6:35  Probe  
  39  6:47  Probe  
  40  6:55  Zealot x3  
  40  6:56  Zealot  
  40  6:59  Probe  
  49  7:08  Pylon  
  49  7:14  Photon Cannon  
  30  7:46  Zealot x4  
  27  7:53  Photon Cannon  
Tags
 
Add a new tag
Caveats
  • Supply blocks, unpowered buildings, or Contaminate may cause inaccurate times.
  • Supply counts are checked every 10 seconds.